 Dungeon Crawl Stone Soup version 0.20.1-1-g8b1a95d (webtiles) character file.

259 slep the Skirmisher (level 5, -2/67 HPs)
             Began as a Demonspawn Wanderer on Oct 22, 2017.
             Slain by a worker ant (4 damage)
             ... on level 5 of the Dungeon.
             The game lasted 00:15:46 (2705 turns).

slep the Skirmisher (Demonspawn Wanderer)           Turns: 2705, Time: 00:15:47

Health: -2/67      AC: 22    Str: 12 (13) XL:     5   Next: 95%
Magic:  5/5        EV:  2    Int: 16      God:
Gold:   203        SH:  0    Dex: 14      Spells: 4/4 levels left

rFire    . . .     SeeInvis .   c - +0 hand axe
rCold    . . .     Gourm    +   (no shield)
rNeg     + + +     Faith    .   (armour currently unavailable)
rPois    +         Spirit   .   (helmet currently unavailable)
rElec    .         Reflect  .   (cloak currently unavailable)
rCorr    .         Harm     .   (gloves currently unavailable)
MR       .....     NoTele   +   (boots currently unavailable)
Stlth    +.........             i - amulet of the gourmand (curse)
Regen    0.3/turn               (no ring)
MPRegen  0.1/turn               (no ring)

@: lethally poisoned (-2 -> -9), tree-form
A: rugged brown scales 2, clever 1, deterioration 2, powered by pain 2, strong 1
a: no special abilities


You were on level 5 of the Dungeon.
You were completely stuffed.
You were a tree.
You visited 1 branch of the dungeon, and saw 5 of its levels.

You collected 203 gold pieces.

Inventory:

Hand Weapons
 b - a +2 blowgun
 c - a +0 hand axe (weapon)
 n - a +0 dagger of protection
Missiles
 a - 4 curare-tipped needles
 s - 3 tomahawks of dispersal (quivered)
Armour
 d - a +0 ring mail (melded)
 g - a +0 helmet (melded)
Jewellery
 i - a cursed amulet of the gourmand (around neck)
Wands
 q - a wand of paralysis (8/24)
Scrolls
 e - 3 scrolls of identify {unknown}
 h - a scroll of random uselessness {unknown}
 j - 2 scrolls of teleportation {unknown}
 k - 2 scrolls of noise {unknown}
 o - 2 scrolls of remove curse {unknown}
 p - a scroll of enchant weapon {unknown}
 t - a scroll of enchant armour {unknown}
 v - a scroll of fog {unknown}
Potions
 r - 2 potions of lignification
Comestibles
 f - 4 bread rations
 l - a fruit
 m - a meat ration
 u - 2 chunks of flesh


   Skills:
 + Level 4.6 Fighting
 + Level 1.0 Short Blades
 + Level 2.7 Axes
   Level 1.0 Crossbows
 + Level 1.0 Throwing
 + Level 3.6 Armour
 + Level 1.5 Dodging
 + Level 0.4 Stealth
   Level 1.0 Shields


You had 4 spell levels left.
You didn't know any spells.

Dungeon Overview and Level Annotations

Branches:
Dungeon (5/15)
 Temple: D:4-7

Altars:

Annotations:
D:4 Edmund; keipra's ghost, amateur DrTm


Innate Abilities, Weirdness & Mutations

(You are mostly covered in rugged brown scales. (AC +2, +5% HP))
You sometimes gain power by taking damage.
Your mind is acute. (Int +2)
Your body often deteriorates upon taking damage.
Your muscles are strong. (Str +2)


Message History

You feel sick. The worker ant bites you.
* * * LOW HITPOINT WARNING * * *
You hit the worker ant.
The worker ant is severely wounded.
The worker ant bites you.
* * * LOW HITPOINT WARNING * * *
You are lethally poisoned!
The worker ant poisons you! The worker ant bites you.
* * * LOW HITPOINT WARNING * * *
You hit the worker ant.
The worker ant is almost dead.
* * * LOW HITPOINT WARNING * * *
You feel sick. The worker ant bites you.
* * * LOW HITPOINT WARNING * * *
It was a potion of lignification.
You turn into a tree.
Your +0 helmet melds into your body.
Your +0 ring mail melds into your body.
Your roots penetrate the ground.
* * * LOW HITPOINT WARNING * * *
You feel sick. The worker ant bites you.
You die...

################## ##
#................#
..#
#................#
..#
##..###.######..##..#
##..###### ###'##..##
.........# #........+
.<.......# #...♣a...#
.........# #........#
........<# #........#
#(.###.### ##..##..##
#..###.## #..# ..#
........# .... ..#
........# ..... .#
........# #..$.. .#
........#


You could see a worker ant.

Vanquished Creatures
  A centaur (D:5)
  A bullfrog skeleton (D:5)
  Jessica (D:3)
  Ijyb (D:3)
  A worker ant (D:5)
  2 adders (D:3)
  A worm (D:2)
  2 dart slugs
  A leopard gecko (D:1)
  4 orcs (D:5)
  5 bats
  2 giant cockroaches
  6 goblins
  4 hobgoblins
  A quokka (D:4)
  7 frilled lizards
  A jackal skeleton (D:5)
  8 kobolds
  7 rats
56 creatures vanquished.

Vanquished Creatures (others)
  A goblin (D:1)
  A hobgoblin (D:1)
2 creatures vanquished.

Grand Total: 58 creatures vanquished

Notes
Turn   | Place    | Note
-------+----------+-------------------------------------------
     0 | D:1      | slep the Demonspawn Wanderer began the quest for the Orb.
     0 | D:1      | slep set off with: 4 curare-tipped needles, a +2 blowgun, a +0 hand axe, a +0 ring mail, a bread ration
     0 | D:1      | Reached XP level 1. HP: 19/19 MP: 1/1
   214 | D:1      | Gained mutation: You sometimes gain a little power by taking damage. [demonic ancestry]
   214 | D:1      | Reached XP level 2. HP: 25/25 MP: 2/2
   912 | D:2      | Gained mutation: You sometimes gain power by taking damage. [demonic ancestry]
   912 | D:2      | Reached XP level 3. HP: 25/31 MP: 3/3
  1374 | D:3      | Reached skill level 1 in Axes
  1423 | D:3      | Gained mutation: Your body sometimes deteriorates upon taking damage. [potion of mutation]
  1423 | D:3      | Gained mutation: Your body often deteriorates upon taking damage. [potion of mutation]
  1423 | D:3      | Gained mutation: Your muscles are strong. (Str +2) [potion of mutation]
  1423 | D:3      | Gained mutation: Your mind is acute. (Int +2) [potion of mutation]
  1502 | D:3      | Noticed Jessica
  1531 | D:3      | Killed Jessica
  1531 | D:3      | Gained mutation: You are partially covered in rugged brown scales. (AC +1, +3% HP) [demonic ancestry]
  1531 | D:3      | Reached XP level 4. HP: 7/39 MP: 4/4
  1811 | D:3      | Noticed Ijyb
  1828 | D:3      | Paralysed by Ijyb for 2 turns
  1837 | D:3      | Paralysed by Ijyb for 6 turns
  1849 | D:3      | Killed Ijyb
  2171 | D:4      | Noticed keipra's ghost (amateur DrTm)
  2175 | D:4      | Noticed Edmund
  2201 | D:5      | Entered Level 5 of the Dungeon
  2448 | D:5      | Noticed a centaur
  2465 | D:5      | Killed a centaur
  2465 | D:5      | Reached skill level 1 in Dodging
  2465 | D:5      | Gained mutation: You are mostly covered in rugged brown scales. (AC +2, +5% HP) [demonic ancestry]
  2465 | D:5      | Reached XP level 5. HP: 30/45 MP: 5/5
  2704 | D:5      | HP: 2/45 [worker ant (3)]
  2705 | D:5      | Slain by a worker ant

Skill      XL: |  1  2  3  4 |
---------------+-------------+-----
Armour         | 2 3 |  3.6
Axes           | 1 2 |  2.7
Dodging        | 1 |  1.5
Fighting       | |  4.6
Short Blades   | |  1.0
Crossbows      | |  1.0
Throwing       | |  1.0
Stealth        | |  0.4
Shields        | |  1.0

Action                   |  1- 3 |  4- 6 || total
-------------------------+-------+-------++-------
Melee: Hand axe          |   137 |   100 ||   237
 Fire: Blowgun           |     4 |       ||     4
  Use: Potion            |     4 |     2 ||     6
  Eat: Chunk             |    10 |     6 ||    16
Armor: Ring mail         |    81 |    56 ||   137
Dodge: Dodged            |    77 |    52 ||   129
